[ AOE2 MATCH · #505497842 ]
UnrankedMapuche vs Vikings
Player's team · LOSS
Rival team · WIN
[ REPLAY ANALYSIS · EXTRACTED FROM THE RECORDED GAME ]
Feudal
9:16
Castle
—
Imperial
—
| APM avg | 70.9 |
| APM peak | 103 |
| eAPM avg | 17.5 |
| Villagers / military | 26 / 0 |
Focus
⚔️ 16.7% · 🌾 83.3%
Unknown (2550) ×6
Feudal
8:52
Castle
—
Imperial
—
| APM avg | 54.1 |
| APM peak | 89 |
| eAPM avg | 19.4 |
| Villagers / military | 25 / 3 |
Focus
⚔️ 25.5% · 🌾 74.5%
Militia ×3
Match map
Initial resources + every placement click. Lines = walls · curves = elevation contours. ◆ gold · ⬟ stone · ● berries · ✦ relic · ◌ wall gap
Your base
SaleMajstor's base
Smoothed initial terrain · ◌ = detected wall gap · hover for details
Inputs per minute
— Eren - - SaleMajstor
Build order — Eren
43 actions detected in the replay
| 0:01 | Queue | Villager (Male) |
| 0:02 | Queue | Villager (Male) |
| 0:02 | Queue | Villager (Male) |
| 0:02 | Queue | Villager (Male) |
| 0:02 | Queue | Villager (Male) |
| 0:03 | Build | House |
| 0:06 | Build | House |
| 1:32 | Queue | Villager (Male) |
| 1:33 | Queue | Villager (Male) |
| 2:00 | Queue | Villager (Male) |
| 2:30 | Queue | Villager (Male) |
| 2:31 | Queue | Villager (Male) |
| 2:42 | Build | Settlement |
| 2:51 | Queue | Villager (Male) |
| 3:14 | Queue | Villager (Male) |
| 3:14 | Queue | Villager (Male) |
| 3:27 | Queue | Villager (Male) |
| 3:27 | Queue | Villager (Male) |
| 4:08 | Queue | Villager (Male) |
| 4:46 | Queue | Villager (Male) |
| 5:09 | Build | Settlement |
| 5:19 | Queue | Villager (Male) |
| 5:46 | Queue | Villager (Male) |
| 5:59 | Queue | Villager (Male) |
| 5:59 | Research | Loom |
| 6:57 | Research | Feudal Age |
| 7:31 | Build | Barracks |
| 7:58 | Build | House |
| 8:10 | Queue | Villager (Male) |
| 8:24 | Queue | Unit 2550 |
| 8:24 | Queue | Unit 2550 |
| 9:16 | Age | Feudal Age |
| 9:25 | Queue | Unit 2550 |
| 9:42 | Queue | Villager (Male) |
| 9:49 | Build | Settlement |
| 9:59 | Queue | Villager (Male) |
| 10:16 | Queue | Unit 2550 |
| 10:20 | Build | Watch Tower |
| 10:26 | Queue | Villager (Male) |
| 10:37 | Queue | Unit 2550 |
| 10:38 | Queue | Villager (Male) |
| 11:11 | Queue | Unit 2550 |
| 11:24 | Queue | Villager (Male) |
Build order — SaleMajstor
51 actions detected in the replay
| 0:00 | Queue | Villager (Male) |
| 0:01 | Queue | Villager (Male) |
| 0:01 | Queue | Villager (Male) |
| 0:01 | Queue | Villager (Male) |
| 0:02 | Queue | Villager (Male) |
| 0:02 | Build | House |
| 0:03 | Build | House |
| 1:31 | Queue | Villager (Male) |
| 1:45 | Queue | Villager (Male) |
| 2:13 | Build | Lumber Camp |
| 2:22 | Queue | Villager (Male) |
| 2:46 | Queue | Villager (Male) |
| 3:01 | Build | House |
| 3:04 | Build | Palisade Wall |
| 3:10 | Queue | Villager (Male) |
| 3:38 | Queue | Villager (Male) |
| 3:49 | Queue | Villager (Male) |
| 4:29 | Queue | Villager (Male) |
| 4:36 | Queue | Villager (Male) |
| 5:03 | Queue | Villager (Male) |
| 5:21 | Queue | Villager (Male) |
| 5:37 | Build | Barracks |
| 5:44 | Research | Loom |
| 6:05 | Build | House |
| 6:42 | Research | Feudal Age |
| 6:44 | Queue | Militia |
| 6:55 | Build | House |
| 7:09 | Queue | Militia |
| 7:36 | Build | Mining Camp |
| 8:13 | Queue | Villager (Male) |
| 8:20 | Build | Mining Camp |
| 8:52 | Age | Feudal Age |
| 8:59 | Queue | Villager (Male) |
| 9:02 | Research | Double-Bit Axe |
| 9:11 | Build | Watch Tower |
| 9:16 | Queue | Villager (Male) |
| 9:21 | Queue | Militia |
| 9:39 | Build | Mill |
| 9:56 | Queue | Villager (Male) |
| 10:02 | Build | Watch Tower |
| 10:05 | Build | House |
| 10:12 | Build | House |
| 10:16 | Build | House |
| 10:18 | Build | Palisade Wall |
| 10:22 | Build | Palisade Wall |
| 10:24 | Build | Palisade Wall |
| 10:51 | Queue | Villager (Male) |
| 11:19 | Queue | Villager (Male) |
| 11:53 | Queue | Villager (Male) |
| 11:54 | Queue | Villager (Male) |
| 11:54 | Queue | Villager (Male) |
Match timeline
| 3:04 | SaleMajstor · wall_segment Palisade Wall x1 |
| 5:37 | SaleMajstor · first_building Barracks |
| 7:31 | Eren · first_building Barracks |
| 8:52 | SaleMajstor · age_up feudal |
| 9:16 | Eren · age_up feudal |
| 10:18 | SaleMajstor · wall_segment Palisade Wall x1 |
| 10:22 | SaleMajstor · wall_segment Palisade Wall x1 |
| 10:24 | SaleMajstor · wall_segment Palisade Wall x1 |
| 11:55 | Eren · resign |
[ AI ANALYSIS · 1 CREDIT ]
What really happened in this match?
Wolo.gg analyzes every decision: build order, eco, micro, common mistakes by bracket. Personalized analysis on WhatsApp or Discord in 30 seconds.
Civ guide
Mapuche
Perfil
Jugador #23039326